PBL
LONDON MAJORS @ TROIS-RIVERES AIGLES
07/28/2049
 
TOP OF THE 1ST
London Majors batting - Pitching for Trois-Riveres Aigles : LHP Åke Ravn
Pitching: LHP Åke Ravn
Batting: RHB Mike Vaughan 0-0: Ball
1-0: Foul Ball, location: 2F
1-1: DOUBLE (Line Drive, 7LM, EV 104.4 MPH)
Batting: RHB Mel Bohorquez 0-0: Ball
1-0: Called Strike
1-1: Ball
2-1: Foul Ball, location: 2F
2-2: Ball
3-2: Foul Ball, location: 2F
3-2: SINGLE (Groundball, P, EV 86.9 MPH) (infield hit)
Mike Vaughan to third
Batting: RHB Chad Colyer 0-0: Ball
1-0: Ball
2-0: Ball
3-0: Called Strike
3-1: Foul Ball, location: 2F
3-2: Base on Balls
Mel Bohorquez to second
Batting: RHB King Pinsent 0-0: Swinging Strike
0-1: Called Strike
0-2: Ball
1-2: Fly out, F8 (Flyball, 8RS, EV 90.6 MPH)
Batting: RHB Joy-shan Li 0-0: Ball
1-0: Foul Ball, location: 2F
1-1: Foul Ball, location: 2F
1-2: Grounds into double play, 5-4-3 (Groundball, 56, EV 89.4 MPH)
Top of the 1st over - 0 runs, 2 hits, 0 errors, 2 left on base; London 0 - Trois-Riveres 0
BOTTOM OF THE 1ST
Trois-Riveres Aigles batting - Pitching for London Majors : RHP Tony Ortiz
Pitching: RHP Tony Ortiz
Batting: RHB Micah Logan 0-0: Fly out, F8 (Flyball, 8LD, EV 88.8 MPH)
Batting: SHB Reed Healey 0-0: Foul Ball, location: 2F
0-1: Fly out, F5 (Popup, 56S, EV 70.0 MPH)
Batting: SHB Derek Weaver 0-0: Swinging Strike
0-1: Foul Ball, location: 2F
0-2: Ball
1-2: Strikes out looking
Bottom of the 1st over - 0 runs, 0 hits, 0 errors, 0 left on base; London 0 - Trois-Riveres 0
TOP OF THE 2ND
London Majors batting - Pitching for Trois-Riveres Aigles : LHP Åke Ravn
Batting: SHB Willie de Gracia 0-0: Ball
1-0: Called Strike
1-1: Foul Ball, location: 2F
1-2: Ball
2-2: Strikes out swinging
Batting: RHB Carlos Viera 0-0: Ground out 5-3 (Groundball, 56, EV 103.8 MPH)
Batting: LHB Trevor Durbin 0-0: Foul Ball, location: 2F
0-1: Swinging Strike
0-2: Ball
1-2: Ball
2-2: Ball
3-2: Ground out U3 (Groundball, 34, EV 105.0 MPH)
Top of the 2nd over - 0 runs, 0 hits, 0 errors, 0 left on base; London 0 - Trois-Riveres 0
BOTTOM OF THE 2ND
Trois-Riveres Aigles batting - Pitching for London Majors : RHP Tony Ortiz
Batting: RHB Alistair Holmes 0-0: Ball
1-0: Foul Ball, location: 2F
1-1: Ball
2-1: Ball
3-1: Foul Ball, location: 2F
3-2: Foul Ball, location: 2F
3-2: Strikes out swinging
Batting: RHB George Connell 0-0: Called Strike
0-1: Ball
1-1: Ball
2-1: Swinging Strike
2-2: Foul Ball, location: 2F
2-2: Ball
3-2: Base on Balls
Batting: RHB Danny Mota 0-0: SINGLE (Flyball, 8LS, EV 93.8 MPH)
George Connell to second
Batting: RHB Cory Nuss 0-0: Ball
1-0: Foul Ball, location: 2F
1-1: Called Strike
1-2: Strikes out swinging
Batting: SHB Shafeeq bin Haytham 0-0: Foul Ball, location: 2F
0-1: Called Strike
0-2: Ball
1-2: Strikes out swinging
Bottom of the 2nd over - 0 runs, 1 hit, 0 errors, 2 left on base; London 0 - Trois-Riveres 0
TOP OF THE 3RD
London Majors batting - Pitching for Trois-Riveres Aigles : LHP Åke Ravn
Batting: SHB John Webb 0-0: Ball
1-0: Ball
2-0: Swinging Strike
2-1: Foul Ball, location: 2F
2-2: Strikes out looking
Batting: RHB Mike Vaughan 0-0: Ball
1-0: Ball
2-0: Called Strike
2-1: Foul Ball, location: 2F
2-2: Foul Ball, location: 2F
2-2: SINGLE (Line Drive, 89M, EV 101.9 MPH)
Batting: RHB Mel Bohorquez 0-0: Foul Ball, location: 2F
0-1: Ball
1-1: Called Strike
1-2: Ball
2-2: Foul Ball, location: 2F
2-2: Foul Ball, location: 2F
2-2: Strikes out looking
Batting: RHB Chad Colyer 0-0: Ball
1-0: Foul Ball, location: 2F
1-1: Swinging Strike
1-2: Ball
2-2: Ball
3-2: SINGLE (Groundball, 6D, EV 96.9 MPH)
Mike Vaughan to second
Mike Vaughan to third
Batting: RHB King Pinsent 0-0: Called Strike
0-1: Swinging Strike
0-2: Ball
1-2: Strikes out swinging
Top of the 3rd over - 0 runs, 2 hits, 0 errors, 2 left on base; London 0 - Trois-Riveres 0
BOTTOM OF THE 3RD
Trois-Riveres Aigles batting - Pitching for London Majors : RHP Tony Ortiz
Batting: SHB Aaron Ruscigno 0-0: Ball
1-0: Ball
2-0: Ground out U3 (Groundball, 34S, EV 69.4 MPH)
Batting: RHB Micah Logan 0-0: Ball
1-0: Ball
2-0: Swinging Strike
2-1: Foul Ball, location: 2F
2-2: Fly out, F9 (Flyball, 9S, EV 91.9 MPH)
Batting: SHB Reed Healey 0-0: Called Strike
0-1: Ball
1-1: Swinging Strike
1-2: Strikes out swinging
Bottom of the 3rd over - 0 runs, 0 hits, 0 errors, 0 left on base; London 0 - Trois-Riveres 0
TOP OF THE 4TH
London Majors batting - Pitching for Trois-Riveres Aigles : LHP Åke Ravn
Batting: RHB Joy-shan Li 0-0: Foul Ball, location: 2F
0-1: Ball
1-1: Ball
2-1: Ball
3-1: Called Strike
3-2: Base on Balls
Batting: SHB Willie de Gracia 0-0: Called Strike
0-1: Ball
1-1: Fielders Choice at 2nd, 4-6 (Groundball, 4MD, EV 78.1 MPH)
Batting: RHB Carlos Viera 0-0: Swinging Strike
0-1: Ball
1-1: Swinging Strike
1-2: Ball
2-2: Fly out, F3 (Popup, 3SF, EV 81.2 MPH)
Batting: LHB Trevor Durbin 0-0: Fly out, F7 (Flyball, 7D, EV 92.5 MPH)
Top of the 4th over - 0 runs, 0 hits, 0 errors, 1 left on base; London 0 - Trois-Riveres 0
BOTTOM OF THE 4TH
Trois-Riveres Aigles batting - Pitching for London Majors : RHP Tony Ortiz
Batting: SHB Derek Weaver 0-0: Ground out 2-3 (Groundball, 13S, EV 66.9 MPH)
Batting: RHB Alistair Holmes 0-0: Called Strike
0-1: Ball
1-1: Swinging Strike
1-2: Strikes out swinging
Batting: RHB George Connell 0-0: Called Strike
0-1: Swinging Strike
0-2: Ball
1-2: Ball
2-2: Strikes out looking
Bottom of the 4th over - 0 runs, 0 hits, 0 errors, 0 left on base; London 0 - Trois-Riveres 0
TOP OF THE 5TH
London Majors batting - Pitching for Trois-Riveres Aigles : LHP Åke Ravn
Batting: SHB John Webb 0-0: Ball
1-0: Ball
2-0: Foul Ball, location: 2F
2-1: SINGLE (Groundball, P, EV 82.5 MPH) (infield hit)
Batting: RHB Mike Vaughan 0-0: Ball
1-0: Called Strike
1-1: Reached on error, E6 (Groundball, 6S, EV 84.4 MPH)
John Webb to second
Batting: RHB Mel Bohorquez 0-0: Called Strike
0-1: Called Strike
0-2: Strikes out looking
Batting: RHB Chad Colyer 0-0: Ball
Wild Pitch!
John Webb to third
Mike Vaughan to second
1-0: Ball
2-0: Called Strike
2-1: Foul Ball, location: 2F
2-2: Ball
3-2: Base on Balls
Batting: RHB King Pinsent 0-0: Ball
1-0: Called Strike
1-1: DOUBLE (Flyball, 8RXD, EV 102.5 MPH)
John Webb scores
Mike Vaughan scores
Chad Colyer to third
Batting: RHB Joy-shan Li 0-0: Called Strike
0-1: Called Strike
0-2: Strikes out swinging
Batting: SHB Willie de Gracia 0-0: Called Strike
0-1: Ground out U3 (Groundball, 3L, EV 106.2 MPH)
Top of the 5th over - 2 runs, 2 hits, 1 error, 2 left on base; London 2 - Trois-Riveres 0
BOTTOM OF THE 5TH
Trois-Riveres Aigles batting - Pitching for London Majors : RHP Tony Ortiz
Batting: RHB Danny Mota 0-0: SINGLE (Line Drive, 7S, EV 88.1 MPH)
Batting: RHB Cory Nuss 0-0: Ball
1-0: Ball
2-0: Called Strike
2-1: Swinging Strike
2-2: Foul Ball, location: 2F
2-2: Grounds into double play, 6-4-3 (Groundball, 6S, EV 90.0 MPH)
Batting: SHB Shafeeq bin Haytham 0-0: Swinging Strike
0-1: Ball
1-1: Ball
2-1: SINGLE (Line Drive, 8RS, EV 86.9 MPH)
Batting: SHB Aaron Ruscigno 0-0: Foul Ball, location: 2F
0-1: Called Strike
0-2: Ball
1-2: Ball
2-2: Foul Ball, location: 2F
2-2: Ball
3-2: Strikes out looking
Bottom of the 5th over - 0 runs, 2 hits, 0 errors, 1 left on base; London 2 - Trois-Riveres 0
TOP OF THE 6TH
London Majors batting - Pitching for Trois-Riveres Aigles : LHP Åke Ravn
Batting: RHB Carlos Viera 0-0: Ball
1-0: Ground out 6-3 (Groundball, 56, EV 83.8 MPH)
Batting: LHB Trevor Durbin 0-0: Ball
1-0: Swinging Strike
1-1: Swinging Strike
1-2: Foul Ball, location: 2F
1-2: Ball
2-2: Strikes out swinging
Batting: SHB John Webb 0-0: Foul Ball, location: 2F
0-1: Called Strike
0-2: Foul Ball, location: 2F
0-2: Ball
1-2: Ground out 6-3 (Groundball, 56, EV 96.2 MPH)
Top of the 6th over - 0 runs, 0 hits, 0 errors, 0 left on base; London 2 - Trois-Riveres 0
BOTTOM OF THE 6TH
Trois-Riveres Aigles batting - Pitching for London Majors : RHP Tony Ortiz
Batting: RHB Micah Logan 0-0: Swinging Strike
0-1: Ground out U3 (Groundball, 3S, EV 61.9 MPH)
Batting: SHB Reed Healey 0-0: Ball
1-0: Foul Ball, location: 2F
1-1: Ball
2-1: Foul Ball, location: 2F
2-2: Hit by Pitch
Batting: SHB Derek Weaver 0-0: Ball
1-0: Foul Ball, location: 2F
1-1: Foul Ball, location: 2F
1-2: Ball
2-2: Strikes out swinging
Pitching: RHP Aaron Meiggs
Batting: RHB Alistair Holmes 0-0: Ball
1-0: Called Strike
1-1: Called Strike
1-2: Foul Ball, location: 2F
1-2: Foul Ball, location: 2F
1-2: Foul Ball, location: 2F
1-2: Ball
Reed Healey is caught stealing 2nd base 2-4
Bottom of the 6th over - 0 runs, 0 hits, 0 errors, 0 left on base; London 2 - Trois-Riveres 0
TOP OF THE 7TH
London Majors batting - Pitching for Trois-Riveres Aigles : LHP Åke Ravn
Pitching: RHP Joe Elder
Batting: RHB Mike Vaughan 0-0: Ball
1-0: Swinging Strike
1-1: Called Strike
1-2: Ball
2-2: Ball
3-2: Ground out 6-3 (Groundball, 56, EV 101.2 MPH)
Batting: RHB Mel Bohorquez 0-0: Ball
1-0: Fly out, F4 (Flyball, 4D, EV 95.6 MPH)
Batting: RHB Chad Colyer 0-0: Called Strike
0-1: Ball
1-1: Ball
2-1: Foul Ball, location: 2F
2-2: Ball
3-2: Ground out 4-3 (Groundball, 4M, EV 104.4 MPH)
Top of the 7th over - 0 runs, 0 hits, 0 errors, 0 left on base; London 2 - Trois-Riveres 0
BOTTOM OF THE 7TH
Trois-Riveres Aigles batting - Pitching for London Majors : RHP Aaron Meiggs
Batting: RHB Alistair Holmes 0-0: Hit by Pitch
Batting: RHB George Connell 0-0: Foul Ball, location: 2F
0-1: Hit by Pitch
Alistair Holmes to second
Batting: RHB Danny Mota 0-0: Ball
1-0: Fly out, F9 (Flyball, 89D, EV 99.4 MPH)
Runner from 2nd tags up, SAFE at 3rd with throw by RF
Pinch Hitting: RHB John Garland 0-0: Ball
1-0: Foul Ball, location: 2F
1-1: Fly out, F9 (Flyball, 9D, EV 88.1 MPH)
Runner from 3rd tags up, SCORES, throw by RF
Pinch Hitting: LHB Edgar Quinto 0-0: SINGLE (Line Drive, 34D, EV 96.2 MPH)
George Connell to second
Runner from 2nd tries for 3rd, SAFE, throw by RF made to third
Batting: SHB Aaron Ruscigno 0-0: Fly out, F8 (Flyball, 8LM, EV 89.4 MPH)
Bottom of the 7th over - 1 run, 1 hit, 0 errors, 2 left on base; London 2 - Trois-Riveres 1
TOP OF THE 8TH
London Majors batting - Pitching for Trois-Riveres Aigles : RHP Joe Elder
Now at 1B: Paul Dupuis
Now in LF: Edgar Quinto
Now in CF: Alistair Holmes
Batting: RHB King Pinsent 0-0: SINGLE (Flyball, 8LS, EV 88.8 MPH)
Batting: RHB Joy-shan Li 0-0: Called Strike
0-1: Ball
1-1: Called Strike
1-2: Strikes out looking
Batting: SHB Willie de Gracia 0-0: Foul Ball, location: 2F
0-1: Ball
1-1: Ball
2-1: Called Strike
2-2: Ball
3-2: Base on Balls
King Pinsent to second
Batting: RHB Carlos Viera 0-0: SINGLE (Line Drive, 78S, EV 110.6 MPH)
King Pinsent to third
Willie de Gracia to second
Throwing error, E7
King Pinsent scores
Willie de Gracia to third
Carlos Viera to second
Batting: LHB Trevor Durbin 0-0: Intentional Walk
Batting: SHB John Webb 0-0: Ball
1-0: Foul Ball, location: 2F
1-1: Foul Ball, location: 2F
1-2: Foul Ball, location: 2F
1-2: Ball
2-2: SINGLE (Flyball, 6D, EV 100.6 MPH)
Willie de Gracia scores
Carlos Viera to third
Trevor Durbin to second
Batting: RHB Mike Vaughan 0-0: Called Strike
0-1: Foul Ball, location: 2F
0-2: Strikes out swinging
Batting: RHB Mel Bohorquez 0-0: Called Strike
0-1: Foul Ball, location: 2F
0-2: Ball
1-2: Ball
2-2: Strikes out swinging
Top of the 8th over - 2 runs, 3 hits, 1 error, 3 left on base; London 4 - Trois-Riveres 1
BOTTOM OF THE 8TH
Trois-Riveres Aigles batting - Pitching for London Majors : RHP Aaron Meiggs
Batting: RHB Micah Logan 0-0: Swinging Strike
0-1: Ball
1-1: Foul Ball, location: 2F
1-2: Foul Ball, location: 2F
1-2: Strikes out looking
Batting: SHB Reed Healey 0-0: Called Strike
0-1: Swinging Strike
0-2: Strikes out swinging
Batting: SHB Derek Weaver 0-0: Called Strike
0-1: Called Strike
0-2: Foul Ball, location: 2F
0-2: Strikes out swinging
Bottom of the 8th over - 0 runs, 0 hits, 0 errors, 0 left on base; London 4 - Trois-Riveres 1
TOP OF THE 9TH
London Majors batting - Pitching for Trois-Riveres Aigles : RHP Joe Elder
Pitching: RHP J.R. Tuley
Batting: RHB Chad Colyer 0-0: Ball
1-0: SOLO HOME RUN (Flyball, 89XD, EV 108.1 MPH), Distance : 433 ft
Batting: RHB King Pinsent 0-0: Ball
1-0: Ground out 6-3 (Groundball, 6, EV 89.4 MPH)
Batting: RHB Joy-shan Li 0-0: Ball
1-0: Ball
2-0: Foul Ball, location: 2F
2-1: Foul Ball, location: 2F
2-2: Strikes out swinging
Batting: SHB Mike Fermin 0-0: Ball
1-0: Foul Ball, location: 2F
1-1: Ground out 1-3 (Groundball, 13S, EV 64.4 MPH)
Top of the 9th over - 1 run, 1 hit, 0 errors, 0 left on base; London 5 - Trois-Riveres 1
BOTTOM OF THE 9TH
Trois-Riveres Aigles batting - Pitching for London Majors : RHP Aaron Meiggs
Batting: RHB Alistair Holmes 0-0: Ball
1-0: Fly out, F9 (Flyball, 9S, EV 88.8 MPH)
Batting: RHB George Connell 0-0: Ball
1-0: Ball
2-0: SINGLE (Groundball, P, EV 85.6 MPH) (infield hit)
Pinch Hitting: RHB Christopher Arnett 0-0: Called Strike
0-1: Foul Ball, location: 2F
0-2: Ball
1-2: Ball
2-2: Grounds into double play, 6-4-3 (Groundball, 6, EV 76.2 MPH)
Bottom of the 9th over - 0 runs, 1 hit, 0 errors, 0 left on base; London 5 - Trois-Riveres 1
Sunday, July 16th , 2023 - OOTP Baseball 24.6 Build 69